 Dungeon Sprint DCSS version bcrawl-1.20.1-3-gdcb1fc31ed (webtiles) character file.

Game seed: 15296808180860260405

291 Freyura the Schismatic (level 6, 0/52 HPs)
             Began as a Demonspawn Abyssal Knight on Jan 31, 2020.
             Was an Elder of Lugonu.
             Slain by a manticore (18 damage)
             ... in the Dungeon (Sprint IX: "|||||||||||||||||||||||||||||").
             The game lasted 00:03:56 (617 turns).

Freyura the Schismatic (Demonspawn Abyssal Knight)   Turns: 617, Time: 00:03:57

Health: 0/52       AC: 19    Str: 13    XL:     6   Next: 10%
Magic:  11/11      EV: 11    Int: 13    God:    Lugonu [****..]
Gold:   0          SH:  2    Dex: 14    Spells: 5/5 levels left

rFire    . . .     SeeInvis .   p - +2 scimitar (flame)
rCold    . . .     Gourm    .   (no shield)
rNeg     . . .     Faith    .   o - +1 scale mail
rPois    .         Spirit   .   (no helmet)
rElec    .         Reflect  .   (no cloak)
rCorr    .         Harm     .   (no gloves)
MR       .....     NoTele   +   a - +0 pair of boots
Stlth    +.........             (no amulet)
HPRegen  0.17/turn              q - +2 ring of protection
MPRegen  0.12/turn              r - +2 ring of protection

@: sanguine armour
A: nightstalker 1, powered by pain 2, sanguine armour 1
a: Bend Space, Banish, Corrupt, Renounce Religion


You were in the Dungeon.
You worshipped Lugonu.
Lugonu was greatly pleased with you.
You were not hungry.

You visited 1 branch

Inventory:

Hand Weapons
 p - a +2 scimitar of flaming (weapon)
Missiles
 b - 495 exploding tomahawks
 c - 10 tomahawks of dispersal (quivered)
 d - 40 stones
 h - 650 javelins of penetration
Armour
 a - a +0 pair of boots (worn)
 o - a +1 scale mail (worn)
Jewellery
 q - a +2 ring of protection (left hand)
 r - a +2 ring of protection (right hand)
Wands
 n - a wand of iceblast (10)
Scrolls
 k - 2 scrolls of blinking
 l - 3 scrolls of remove curse
 m - 2 scrolls of amnesia
Potions
 f - 5 potions of curing
 g - 2 potions of heal wounds
 i - 4 potions of magic
 j - a potion of invisibility
Comestibles
 e - a ration {!d}


   Skills:
 + Level 6.0 Fighting
 * Level 7.0 Long Blades
 - Level 0.8 Throwing
 + Level 5.0 Armour
 + Level 4.8 Dodging
 + Level 7.2 Invocations


You had 5 spell levels left.
You didn't know any spells.
Your spell library was empty.

Dungeon Overview and Level Annotations

Branches:
Dungeon (1/1)

Altars:
Cheibriados
Dithmenos
Elyvilon
Fedhas
Gozag
Hepliaklqana
Kikubaaqudgha
Lugonu
Makhleb
Nemelex Xobeh
Okawaru
Qazlal
Ru
Sif Muna
Trog
Uskayaw
Vehumet
Wu Jian
Xom
Yredelemnul
Zin
The Shining One
Beogh
Jiyva


Innate Abilities, Weirdness & Mutations

You are slightly more attuned to the shadows.
You sometimes gain power by taking damage.
When seriously injured, your bleeding wounds create armour. (AC +6)


Message History

The manticore barely misses you. x2
You feel much better. The manticore barely misses you.
The manticore claws you but does no damage.
The manticore misses you.
You slash the manticore! You burn the manticore.
The manticore is almost dead.
The manticore bites you but does no damage.
The manticore claws you. The manticore closely misses you.
The manticore barely misses you.
The manticore claws you but does no damage.
The manticore claws you!
You barely miss the manticore.
The manticore is almost dead.
The manticore bites you.
The manticore claws you but does no damage.
The manticore closely misses you.
You barely miss the manticore.
The manticore is almost dead.
The manticore bites you!!
You die...

▓.▓
▓(▓
▓'▓
▓.▓
▓.▓
▓.▓
▓.▓
▓.▓
▓@▓
▓H▓
▓s▓
▓y▓
▓S▓
▓J▓
▓Z▓


You could see a wolf spider, a manticore, a vampire mosquito, a jelly, an adder
and a jackal skeleton.

Vanquished Creatures
  2 ice beasts (D)
  A scorpion (D)
  A crimson imp (D)
  An adder (D)
  An ooze (D)
  A leopard gecko (D)
  2 orcs (D)
  A hobgoblin (D)
  A jackal (D)
  2 bats (D)
  A giant cockroach zombie (D)
  A quokka zombie (D)
  A rat (D)
16 creatures vanquished.

Notes
Turn   | Place    | Note
-------+----------+-------------------------------------------
     0 | D        | Freyura the Demonspawn Abyssal Knight began the quest for
                  | the Orb.
     0 | D        | Reached XP level 1. HP: 18/18 MP: 2/2
     8 | D        | Reached skill level 1 in Dodging
    12 | D        | Reached ** piety under Lugonu
   106 | D        | Noticed a scorpion
   112 | D        | Killed a scorpion
   112 | D        | Reached *** piety under Lugonu
   112 | D        | Gained mutation: You are slightly more attuned to the
                  | shadows. [demonic ancestry]
   112 | D        | Reached XP level 2. HP: 25/25 MP: 5/5
   112 | D        | Reached XP level 3. HP: 30/30 MP: 6/6
   119 | D        | Reached **** piety under Lugonu
   320 | D        | Found a roughly hewn altar of Beogh.
   320 | D        | Found a snail-covered altar of Cheibriados.
   320 | D        | Found a shadowy altar of Dithmenos.
   320 | D        | Found a white marble altar of Elyvilon.
   320 | D        | Found a blossoming altar of Fedhas.
   321 | D        | Found an opulent altar of Gozag.
   322 | D        | Found a hazy altar of Hepliaklqana.
   323 | D        | Found a viscous altar of Jiyva.
   324 | D        | Found an ancient bone altar of Kikubaaqudgha.
   325 | D        | Found a corrupted altar of Lugonu.
   326 | D        | Found a burning altar of Makhleb.
   327 | D        | Found a sparkling altar of Nemelex Xobeh.
   328 | D        | Found an iron altar of Okawaru.
   329 | D        | Found a stormy altar of Qazlal.
   330 | D        | Found a sacrificial altar of Ru.
   331 | D        | Found a shimmering blue altar of Sif Muna.
   332 | D        | Found a bloodstained altar of Trog.
   333 | D        | Found a hide-covered altar of Uskayaw.
   334 | D        | Found a radiant altar of Vehumet.
   335 | D        | Found an ornate altar of the Wu Jian Council.
   336 | D        | Found a shimmering altar of Xom.
   337 | D        | Found a basalt altar of Yredelemnul.
   338 | D        | Found a glowing silver altar of Zin.
   339 | D        | Found a glowing golden altar of the Shining One.
   355 | D        | Got the +4 quarterstaff "Isya" {crush, MR+ Dex+4 Stlth+}
   388 | D        | Noticed an ice beast
   392 | D        | Noticed an ice beast
   394 | D        | Killed an ice beast
   394 | D        | Received a gift from Lugonu
   394 | D        | Reached skill level 5 in Fighting
   394 | D        | Reached skill level 5 in Long Blades
   394 | D        | Gained mutation: You sometimes gain a little power by
                  | taking damage. [demonic ancestry]
   394 | D        | Reached XP level 4. HP: 39/39 MP: 6/8
   394 | D        | Gained mutation: You sometimes gain power by taking damage.
                  | [demonic ancestry]
   394 | D        | Reached XP level 5. HP: 44/44 MP: 6/9
   400 | D        | Received a gift from Lugonu
   420 | D        | Killed an ice beast
   420 | D        | Received a gift from Lugonu
   420 | D        | Reached skill level 5 in Armour
   420 | D        | Gained mutation: When seriously injured, your bleeding
                  | wounds create armour. (AC +6) [demonic ancestry]
   420 | D        | Reached XP level 6. HP: 21/52 MP: 9/11
   609 | D        | Noticed a manticore
   609 | D        | Noticed a vampire mosquito
   609 | D        | Noticed a wolf spider
   617 | D        | Slain by a manticore

Skill      XL: |  1  2  3  4  5 |
---------------+----------------+-----
Long Blades    | 4 5 7 |  7.0
Dodging        | 2 3 4 |  4.8
Armour         | 3 4 5 |  5.0
Invocations    | 4 6 7 |  7.2
Fighting       | 4 5 6 |  6.0
Throwing       | |  0.8

Action                   |  1- 3 |  4- 6 || total
-------------------------+-------+-------++-------
Melee: Falchion          |    23 |       ||    23
       Scimitar          |     6 |    34 ||    40
  Use: Potion            |     2 |     1 ||     3
Armor: Leather armour    |     3 |       ||     3
       Scale mail        |     5 |    17 ||    22
Dodge: Dodged            |    11 |    16 ||    27
